 Dungeon Crawl Stone Soup version 0.28-a0-802-g09f76e8c00 (webtiles) character file.

Game seed: 2600290009874980550

203 ders the Digger (level 5, -5/28 HPs)
             Began as a Gargoyle Earth Elementalist on Nov 7, 2021.
             Slain by a wyvern skeleton (7 damage)
             ... on level 4 of the Dungeon.
             The game lasted 00:09:45 (4732 turns).

ders the Digger (Gargoyle Earth Elementalist)       Turns: 4732, Time: 00:09:45

Health: -5/28      AC:  8    Str: 12    XL:     5   Next: 81%
Magic:  9/10       EV: 11    Int: 16    God:
Gold:   199        SH:  0    Dex: 10    Spells: 7/11 levels left

rFire   . . .      SeeInvis .   s - +0 flail (holy)
rCold   . . .      Faith    .   (no shield)
rNeg    + . .      Spirit   .   b - +0 robe
rPois   ∞          Reflect  .   l - +1 helmet
rElec   +          Harm     .   (no cloak)
rCorr   .          Rampage  .   (no gloves)
Will    .....                   (no boots)
Stlth   ++........              (no amulet)
HPRegen 0.09/turn               (no ring)
MPRegen 0.12/turn               (no ring)

@: hasted, very quick
A: sickness immunity, AC +4, negative energy resistance 1, electricity
resistance, torment resistance 1, petrification resistance
a: no special abilities


You were on level 4 of the Dungeon.
You visited 1 branch of the dungeon, and saw 4 of its levels.

You collected 199 gold pieces.

Inventory:

Hand Weapons
 n - a +4 falchion
 q - a +2 whip of electrocution
 s - a +0 flail of holy wrath (weapon)
Missiles
 h - 46 stones
Armour
 b - a +0 robe (worn)
 l - a +1 helmet (worn)
Magical Staves
 i - a staff of death
Jewellery
 m - a ring of protection from cold
Wands
 v - a wand of polymorph (8)
Scrolls
 a - 5 scrolls of identify {unknown}
 d - a scroll of holy word {unknown}
 f - a scroll of teleportation {unknown}
 p - a scroll of summoning {unknown}
 u - a scroll of immolation {unknown}
Potions
 c - 2 potions of haste
 e - a potion of brilliance {unknown}
 g - a potion of heal wounds {unknown}
 j - a potion of degeneration {unknown}
 k - a potion of attraction {unknown}
 o - a potion of magic {unknown}
 r - 2 potions of mutation {unknown}
 t - a potion of cancellation {unknown}


   Skills:
 + Level 1.2 Long Blades
 - Level 1.5 Dodging
 - Level 2.1 Stealth
 + Level 1.1 Unarmed Combat
 + Level 3.6 Spellcasting
 * Level 1.0 Conjurations
 + Level 0.7 Transmutations
 + Level 5.4 Earth Magic


You had 7 spell levels left.
You knew the following spells:

 Your Spells              Type           Power      Damage    Failure   Level
a - Sandblast             Erth           40%        2d10      1%          1
b - Stone Arrow           Conj/Erth      26%        3d8       14%         3

Your spell library contained the following spells:

 Spells                   Type           Power      Damage    Failure   Level
 Passwall                 Tmut/Erth      10%        N/A       8%          2
 Blink                    Tloc           4%         N/A       26%         2
 Petrify                  Tmut/Erth      12%        N/A       43%         4
 Lesser Beckoning         Tloc           2%         N/A       47%         3
 Manifold Assault         Tloc           2%         N/A       99%         5


Dungeon Overview and Level Annotations

Branches:
Dungeon (4/15)
 Temple: D:4-7

Altars:
Cheibriados
Okawaru


Innate Abilities, Weirdness & Mutations

You are immune to sickness and miasma.
Your stone body is resilient. (AC +4)
You are immune to poison.
You resist negative energy. (rN+)
You are resistant to electric shocks. (rElec)
You are resistant to unholy torment.
You are immune to petrification.


Message History

Found a stone staircase leading down.
There is an open door here.
You see here a ball python corpse.
You open the door.
An endoplasm comes into view.
Casting: Sandblast (safe; 1% risk of failure)
Confirm with . or Enter, or press ? or * to list all spells.
Aiming: Sandblast (safe; 1% risk of failure)
Press: ? - help, Shift-Dir - straight line, f - endoplasm
Aim: an endoplasm (asleep, 100% to hit)
The blast of sand hits the endoplasm!
You kill the endoplasm!
Unknown command.
Casting: Sandblast (safe; 1% risk of failure)
Confirm with . or Enter, or press ? or * to list all spells.
You can't see any susceptible monsters within range! (Use Z to cast anyway.)
You start resting.
Magic restored.
There is an open door here.
A wyvern skeleton comes into view.
A wyvern skeleton is nearby!
Casting: Sandblast (safe; 1% risk of failure)
Confirm with . or Enter, or press ? or * to list all spells.
Aiming: Sandblast (safe; 1% risk of failure)
Press: ? - help, Shift-Dir - straight line, f - wyvern skeleton
Aim: a wyvern skeleton (98% to hit)
The blast of sand hits the wyvern skeleton!
The wyvern skeleton is moderately damaged.
The wyvern skeleton barely misses you. The wyvern skeleton bites you!
Unknown command.
You hit the wyvern skeleton.
The wyvern skeleton convulses.
The wyvern skeleton is heavily damaged.
The wyvern skeleton barely misses you.
You barely miss the wyvern skeleton.
The wyvern skeleton is heavily damaged.
The wyvern skeleton bites you! x2
* * * LOW HITPOINT WARNING * * *
It was a potion of haste.
You feel yourself speed up. The wyvern skeleton bites you!
You die...

#.....##.# #.....##.##
#.....#...#
#.....#...####
#............#
####+#..###.####(#
#.............##.# #
#......####.#.##.# #
#.#..@......#.#..# # #
#..Z####### #.## #
#.... #.# # ###..####
#####.####+# ...#....#
#.....#.....
##.#+##.###.#####o....
............##....)...
....>...######......o.
........# #....###?


You could see a wyvern skeleton.

Vanquished Creatures
  An orc priest (D:3)
  A howler monkey skeleton (D:3)
  4 adders
  A white imp (D:3)
  An adder skeleton (D:4)
  2 worms (D:2)
  2 dart slugs (D:2)
  14 orcs
  8 bats
  6 endoplasms
  2 giant cockroaches
  13 goblins
  4 hobgoblins
  8 jackals
  8 ball pythons
  2 frilled lizards
  7 kobolds
  5 rats
89 creatures vanquished.

Vanquished Creatures (others)
  4 toadstools (D:1)
4 creatures vanquished.

Grand Total: 93 creatures vanquished

Notes
Turn   | Place    | Note
-------+----------+-------------------------------------------
     0 | D:1      | ders the Gargoyle Earth Elementalist began the quest for
                  | the Orb.
     0 | D:1      | Reached XP level 1. HP: 10/10 MP: 3/3
   181 | D:1      | Reached skill level 4 in Earth Magic
   203 | D:1      | Reached XP level 2. HP: 12/15 MP: 1/5
   968 | D:1      | Reached XP level 3. HP: 19/19 MP: 5/7
   972 | D:1      | Learned a level 3 spell: Stone Arrow
  1858 | D:2      | Found a snail-covered altar of Cheibriados.
  1887 | D:2      | Reached XP level 4. HP: 24/24 MP: 4/8
  1925 | D:2      | Found a faded altar of an unknown god.
  1933 | D:2      | Reached skill level 1 in Unarmed Combat
  2633 | D:3      | Reached skill level 5 in Earth Magic
  3012 | D:3      | Found an iron altar of Okawaru.
  3435 | D:3      | Reached XP level 5. HP: 28/28 MP: 6/10
  3848 | D:3      | Reached skill level 1 in Long Blades
  4145 | D:4      | Noticed an orc warrior
  4554 | D:4      | Reached skill level 1 in Conjurations
  4732 | D:4      | Slain by a wyvern skeleton

Illustrated notes

Levels and vault maps discovered:
D:1:      ldierk_walled_garden_2, layout_loops_ring, minmay_small_reverse_x
D:2:      layout_basic, basic_altar, hellmonk_ecumenical_altar_leap_of_faith
D:3:      layout_loops_corners, okawaru_trees_1, kennysheep_nub, minivault_5
D:4:      layout_basic, hangedman_abyss_or_decor_stabs, minmay_small_thing

Skill      XL: |  1  2  3  4  5 |
---------------+----------------+-----
Earth Magic    | 4 5 |  5.4
Unarmed Combat | 1 |  1.1
Spellcasting   | 3 |  3.6
Long Blades    | 1 |  1.2
Conjurations   | 1 |  1.0
Dodging        | |  1.5
Stealth        | |  2.1
Transmutations | |  0.7

Action                   |  1- 3 |  4- 6 || total
-------------------------+-------+-------++-------
Melee: Unarmed           |    66 |       ||    66
       Falchion          |       |    20 ||    20
       Whip              |       |     4 ||     4
       Flail             |       |    13 ||    13
 Cast: Sandblast         |    45 |    62 ||   107
       Stone Arrow       |     5 |     7 ||    12
  Use: Scroll            |       |     1 ||     1
       Potion            |       |     1 ||     1
Armor: Robe              |    65 |    21 ||    86
Dodge: Dodged            |   100 |    50 ||   150

Table legend: (Time is in decaauts)
 A = Elapsed time spent in this place.
 B = Non-inter-level travel time spent in this place.
 C = Inter-level travel time spent in this place.
 D = Time resting spent in this place.
 E = Time spent auto-exploring this place.
 F = Levels seen in this place.
 G = Mean time per level.
                   A        B        C        D        E       F      G
               +--------+--------+--------+--------+--------+-----+--------+
         Total |   4748 |   4549 |    199 |   1519 |   2286 |   4 | 1187.0 |
       Dungeon |   4748 |   4549 |    199 |   1519 |   2286 |   4 | 1187.0 |
               +--------+--------+--------+--------+--------+-----+--------+

Top non-repeatable levels by time:
     D:3: 1717 daAuts
     D:1: 1661 daAuts
     D:2: 753 daAuts
     D:4: 616 daAuts
